Map: Blueshift LE

Players

Rhizer

  • Race: Protoss Protoss
  • Spawn Location: 7:00

ShoWTimE - Winner!

  • Race: Protoss Protoss
  • Spawn Location: 1:00

Event: WCS Montreal 2018

VOD

Have the link to the VOD?

Description

Time

  • Played on: Sept. 7, 2018, 1:04 p.m.
  • Length: 4:05

All games in this series

Show
View Real Time Build Order
Export as new Build Order

Rhizer Protoss 

Build Orders: Oracle Opening 

Get SALT Encoding   

  12  0:00  Probe  
  13  0:12  Probe  
  14  0:17  Pylon  
  14  0:23  Probe  
  15  0:32  Probe  
  15  0:38  Gateway  
  15  0:40  Probe  
  16  0:47  Assimilator  
  17  0:51  Probe  
  17  0:55  Assimilator  
  18  1:01  Probe  
  19  1:08  Gateway  
  19  1:09  Probe  
  19  1:17  Probe  
  21  1:25  Cybernetics Core  
  21  1:29  Probe  
  22  1:35  Pylon  
  22  1:41  Probe  
  23  1:53  Warp Gate, Probe  
  24  2:02  Adept x2  
  28  2:12  Pylon  
  28  2:14  Pylon  
  28  2:32  Stargate  
  28  2:33  Stalker  
  30  2:40  Stalker  
  32  3:03  Stalker  
  34  3:10  Stalker  
  36  3:15  Shield Battery  
  36  3:16  Oracle  
  39  3:33  Stalker  
  41  3:38  Gateway  
  43  3:45  Pylon  
  43  3:53  Shield Battery  
Show
View Real Time Build Order
Export as new Build Order

ShoWTimE Protoss - Winner!

Build Orders: Phoenix Opening 

Get SALT Encoding   

  12  0:00  Probe  
  13  0:12  Probe  
  14  0:17  Pylon  
  14  0:24  Probe  
  15  0:32  Probe  
  15  0:37  Gateway  
  15  0:40  Probe  
  16  0:45  Assimilator  
  17  0:50  Probe  
  17  0:54  Assimilator  
  18  0:58  Probe  
  19  1:07  Probe  
  20  1:14  Gateway  
  20  1:17  Probe  
  20  1:23  Cybernetics Core  
  21  1:29  Probe  
  21  1:32  Pylon  
  22  1:41  Probe  
  23  1:53  Probe  
  24  2:00  Adept  
  24  2:01  Adept, Warp Gate  
  28  2:10  Pylon  
  28  2:19  Stargate  
  28  2:28  Adept x2  
  32  2:42  Pylon  
  32  2:55  Adept  
  32  2:56  Adept, Shield Battery  
  32  2:58  Phoenix  
  36  3:09  Shield Battery  
  38  3:17  Shield Battery  
  38  3:22  Phoenix  
  40  3:37  Nexus  
  42  3:51  Probe  
Tags
 
Add a new tag
Caveats
  • Supply blocks, unpowered buildings, or Contaminate may cause inaccurate times.
  • Supply counts are checked every 10 seconds.